 Dungeon Crawl Stone Soup version 0.28.0-53-g5a82cb258f (webtiles) character file.

Game seed: 5979344328832349137

1007 Scuddy the Chiller (level 8, -10/62 HPs)
             Began as a Naga Ice Elementalist on July 5, 2022.
             Was a Follower of Makhleb.
             Mangled by an orc warrior
             ... wielding a +0 war axe
              (15 damage)
             ... on level 6 of the Dungeon.
             The game lasted 00:14:15 (4969 turns).

Scuddy the Chiller (Naga Ice Elementalist)          Turns: 4969, Time: 00:14:15

Health: -10/62     AC:  3    Str: 16    XL:     8   Next: 20%
Magic:  2/12       EV:  9    Int: 19    God:    Makhleb [*.....]
Gold:   245        SH:  0    Dex: 11    Spells: 0/13 levels left

rFire   . . .      SeeInvis +   d - +2 dagger (elec)
rCold   . . .      Faith    .   (no shield)
rNeg    . . .      Spirit   .   a - +0 robe
rPois   +          Reflect  .   (no helmet)
rElec   .          Harm     .   (no cloak)
rCorr   +          Rampage  .   (no gloves)
Will    +....                   (no barding)
Stlth   +++.......              (no amulet)
HPRegen 0.20/turn               j - +6 ring of strength
MPRegen 0.13/turn               c - ring of resist corrosion

@: on blink cooldown, flying, very slow
A: AC +2, large, see invisible, deformed body, poison resistance, slowness 2,
spit poison 1, naga tail 1
a: Spit Poison, Renounce Religion


You were on level 6 of the Dungeon.
You worshipped Makhleb.
Makhleb was aware of your devotion.
You visited 1 branch of the dungeon, and saw 6 of its levels.

You collected 245 gold pieces.

Inventory:

Hand Weapons
 d - a +2 dagger of electrocution (weapon)
Armour
 a - a +0 robe (worn)
Jewellery
 c - a ring of resist corrosion (right hand)
 j - a +6 ring of strength (left hand)
 n - a ring of magical power
Wands
 w - a wand of mindburst (4)
Scrolls
 e - a scroll of torment {unknown}
 g - 3 scrolls of identify {unknown}
 h - 2 scrolls of blinking {unknown}
 i - a scroll of magic mapping {unknown}
 k - 4 scrolls of enchant weapon {unknown}
 l - 2 scrolls of holy word {unknown}
 m - 2 scrolls of teleportation {unknown}
 p - 2 scrolls of enchant armour {unknown}
 q - a scroll of brand weapon {unknown}
 r - a scroll of fear {unknown}
 s - a scroll of noise {unknown}
Potions
 b - a potion of flight
 f - a potion of degeneration {unknown}
 o - a potion of berserk rage {unknown}
 t - 2 potions of haste {unknown}
 u - 2 potions of attraction {unknown}
 v - 2 potions of curing {unknown}


   Skills:
 * Level 5.3 Short Blades
 - Level 1.5 Dodging
 + Level 5.2 Stealth
 - Level 3.0 Spellcasting
 + Level 0.7 Translocations
 * Level 7.4 Ice Magic


You couldn't memorise any spells.
You knew the following spells:

 Your Spells              Type           Power      Damage    Failure   Level
a - Freeze                Ice            100%       1d11      1%          1
b - Frozen Ramparts       Ice            62%        1d8       2%          3
c - Ozocubu's Armour      Ice            31%        N/A       2%          3
d - Hailstorm             Conj/Ice       17%        3d6       32%         4
e - Blink                 Tloc           10%        N/A       17%         2

Your spell library contained the following spells:

 Spells                   Type           Power      Damage    Failure   Level
 Lesser Beckoning         Tloc           5%         N/A       32%         3
 Manifold Assault         Tloc           5%         N/A       97%         5
 Fireball                 Conj/Fire      1%         3d3       99%         5
 Iskenderun's Battlesphe  Conj           2%         2d6       99%         5
 Conjure Ball Lightning   Conj/Air       1%         3x3d6     100%        6
 Orb of Destruction       Conj           1%         9d5       100%        7


Dungeon Overview and Level Annotations

Branches:
Dungeon (6/15)             Temple (0/1) D:4

Altars:
Makhleb
Sif Muna
Uskayaw
Vehumet
The Shining One

Annotations:
D:6 1 runed translucent door, Stomo's ghost, novice DsGl


Innate Abilities, Weirdness & Mutations

Your serpentine skin is tough. (AC +2)
You have supernaturally acute eyesight. (SInv)
Armour fits poorly on your strangely shaped body.
Your system is resistant to poisons. (rPois)
You cover ground very slowly.
You can spit poison.
You have a snake-like lower body.


Message History

Okay, then.
Okay, then.
Casting: Freeze (safe; 1% risk of failure)
Confirm with . or Enter, or press ? or * to list all spells.
Okay, then.
Casting: Freeze (safe; 1% risk of failure)
Confirm with . or Enter, or press ? or * to list all spells.
Your icy armour and frozen ramparts will break if you move.
Continue?
You blink.
Your icy armour cracks and falls away as you move.
The frozen ramparts melt away as you move.
An iguana comes into view.
The orc priest invokes the aid of Beogh against you.
Beogh smites you!
* * * LOW HITPOINT WARNING * * *
Casting: Blink (safe; 19% risk of failure)
Confirm with . or Enter, or press ? or * to list all spells.
Okay, then.
Aiming: Mindburst
Press: ? - help, Shift-Dir - straight line, f/p - orc priest
Aim: an orc priest, wielding a +0 war axe (heavily wounded, chance to affect: 64%)
The orc priest struggles to resist.
The orc wizard gestures wildly while chanting.
The orc wizard flickers and vanishes for a moment.
Casting: Blink (safe; 19% risk of failure)
Confirm with . or Enter, or press ? or * to list all spells.
Aiming: Freeze (safe; 1% risk of failure)
Press: ? - help, Shift-Dir - straight line, f/p - orc priest
Aim: an orc priest, wielding a +0 war axe (heavily wounded)
You freeze the orc priest!
You kill the orc priest!
Makhleb accepts your kill. The orc hits you but does no damage.
Okay, then.
It was a potion of flight.
You feel very buoyant.
You fly up into the air.
The orc hits you with a +0 dagger.
* * * LOW HITPOINT WARNING * * *
The orc warrior hits you with a +0 war axe!
You die...

#....# ..# #....##..#
#......(.# #)......
#....# ####....#....#
#####..#....#..o.#
.......#....#..)o# ..
.......#....#..o@##...
.......#....#...........
###....#....+...........
###....#....#...#+#...##
.......#.......##W##....
.......'......##...##...
.......#.....##.....##..
##..####.....#⌠.?♣!.⌠#..
##..#........##.....##


You could see an orc warrior, an orc wizard (invisible), Stomo's ghost and an
orc.

Vanquished Creatures
  A water moccasin (D:5)
  2 necrophages
  An ogre (D:4)
  A phantom (D:5)
  A bullfrog (D:6)
  A scorpion (D:4)
  A water moccasin skeleton (D:4)
  A howler monkey (D:4)
  2 hounds
  2 orc priests (D:6)
  A jelly (D:5)
  An iguana (D:4)
  An orc wizard (D:6)
  8 adders
  A white imp (D:5)
  4 dart slugs
  3 orcs
  14 endoplasms
  5 giant cockroaches
  3 goblins
  8 hobgoblins
  4 jackals (D:4)
  5 ball pythons
  5 bats
  2 frilled lizards (D:1)
  10 kobolds
  6 rats
94 creatures vanquished.

Notes
Turn   | Place    | Note
-------+----------+-------------------------------------------
     0 | D:1      | Scuddy the Naga Ice Elementalist began the quest for the
                  | Orb.
     0 | D:1      | Reached XP level 1. HP: 15/15 MP: 3/3
   224 | D:1      | Reached XP level 2. HP: 20/22 MP: 5/5
   568 | D:1      | Reached XP level 3. HP: 23/28 MP: 4/6
   699 | D:1      | Found a faded altar of an unknown god.
   954 | D:2      | Learned a level 3 spell: Frozen Ramparts
  1254 | D:2      | Reached XP level 4. HP: 36/36 MP: 7/7
  1299 | D:2      | Found a burning altar of Makhleb.
  1301 | D:2      | Reached skill level 1 in Short Blades
  1394 | D:2      | Became a worshipper of Makhleb the Destroyer
  1877 | D:3      | Reached skill level 5 in Ice Magic
  2098 | D:3      | Found a shimmering blue altar of Sif Muna.
  2471 | D:3      | Learned a level 3 spell: Ozocubu's Armour
  2486 | D:3      | Reached XP level 5. HP: 37/42 MP: 9/9
  2547 | D:3      | Found a hide-covered altar of Uskayaw.
  2668 | D:4      | Found a radiant altar of Vehumet.
  3321 | D:4      | Reached XP level 6. HP: 49/49 MP: 10/10
  3354 | D:4      | Reached skill level 5 in Stealth
  3354 | D:4      | Reached skill level 6 in Ice Magic
  3361 | D:4      | Noticed a necrophage
  3384 | D:4      | Killed a necrophage
  3384 | D:4      | Reached * piety under Makhleb
  3385 | D:4      | Reached XP level 7. HP: 35/55 MP: 7/11
  3551 | D:4      | Found a staircase to the Ecumenical Temple.
  3602 | D:5      | Entered Level 5 of the Dungeon
  4309 | D:5      | Found a glowing golden altar of the Shining One.
  4537 | D:5      | Reached skill level 7 in Ice Magic
  4728 | D:5      | Learned a level 4 spell: Hailstorm
  4731 | D:6      | Reached skill level 5 in Short Blades
  4731 | D:6      | Reached XP level 8. HP: 62/62 MP: 12/12
  4797 | D:6      | Learned a level 2 spell: Blink
  4951 | D:6      | Found a runed translucent door.
  4951 | D:6      | Noticed Stomo's ghost (novice DsGl)
  4969 | D:6      | Mangled by an orc warrior

Illustrated notes

Levels and vault maps discovered:
D:1:      ncdulo_wetmaze, layout_basic, hellmonk_ecumenical_altar_blasted
D:2:      layout_rooms, basic_altar, minmay_tree_intersection
D:3:      layout_basic, nicolae_uskayaw_murder_on_the_dancefloor, led_sif_pool
D:4:      layout_basic, mainiacjoe_overflow_small_starburst, temple_doors_e,
          st_stairs_13, serial_park_tiny_1
D:5:      layout_basic, mainiacjoe_overflow_paths
D:6:      layout_gridville, okawaru_metal_pillars_1_2, kennysheep_mini_moat,
          hellmonk_ghost_happy_afterlife, uniq_eustachio, uniq_menkaure,
          uniq_crazy_yiuf_cottage

Skill      XL: |  1  2  3  4  5  6  7 |
---------------+----------------------+-----
Short Blades   | 1 2 3 5 |  5.3
Ice Magic      | 5 6 7 |  7.4
Stealth        | 4 5 |  5.2
Spellcasting   | 3 |  3.0
Dodging        | |  1.5
Translocations | |  0.7

Action                   |  1- 3 |  4- 6 |  7- 9 || total
-------------------------+-------+-------+-------++-------
Melee: Dagger            |    25 |    58 |    36 ||   119
       Punch             |       |       |     1 ||     1
 Cast: Freeze            |    26 |    36 |    15 ||    77
       Frozen Ramparts   |       |     5 |     3 ||     8
       Ozocubu's Armour  |       |     1 |     4 ||     5
       Blink             |       |       |     1 ||     1
 Abil: Spit Poison       |    20 |     7 |     2 ||    29
Evoke: Wand              |       |       |     1 ||     1
  Use: Potion            |       |       |     1 ||     1
 Stab: Sleeping          |     2 |     4 |     4 ||    10
Armor: Robe              |     7 |    20 |    12 ||    39
Dodge: Dodged            |    27 |    34 |    13 ||    74
